 Dungeon Crawl Stone Soup version 0.31.0-11-ge490571c62 (webtiles) character file.

Game seed: 4028148790908761827

102 firemarshallily the Sneak (level 4, -1/42 HPs)
             Began as a Naga Brigand on Feb 6, 2024.
             Slain by a gnoll
             ... wielding a +0 flail
              (7 damage)
             ... on level 2 of the Dungeon.
             The game lasted 00:07:05 (2000 turns).

firemarshallily the Sneak (Naga Brigand)            Turns: 2000, Time: 00:07:06

Health: -1/42      AC:  5    Str: 14    XL:     4   Next: 77%
Magic:  4/4        EV:  9    Int: 17    God:
Gold:   176        SH:  0    Dex: 14    Spells: 0/3 levels left

rFire   . . .        a - +2 dagger
rCold   . . .        (no shield)
rNeg    . . .        b - +0 robe
rPois   +            (no helmet)
rElec   .            c - +0 cloak
rCorr   .            (no gloves)
SInv    +            (no barding)
Will    .....        (no amulet)
Stlth   +++          s - +6 ring of intelligence
HPRegen 0.27/turn    u - ring of wizardry
MPRegen 0.09/turn

%: wizardry (x1)
@: short of breath, invisible, very slow
A: AC +1, large, see invisible, deformed body, poison resistance, slowness 2,
spit poison 1, naga tail 1, iridescent scales 1
a: Spit Poison


You were on level 2 of the Dungeon.
You visited 1 branch of the dungeon, and saw 3 of its levels.

You collected 176 gold pieces.

Inventory:

Hand Weapons
 a - a +2 dagger (weapon)
Missiles
 d - 8 poisoned darts
 e - 3 curare-tipped darts
 v - 2 javelins
Armour
 b - a +0 robe (worn)
 c - a +0 cloak (worn)
Jewellery
 q - a ring of fire
 s - a +6 ring of intelligence (left hand)
 u - a ring of wizardry (right hand)
Scrolls
 f - 4 scrolls of identify {unknown}
 g - 2 scrolls of teleportation {unknown}
 j - a scroll of amnesia {unknown}
 k - a scroll of noise {unknown}
 l - 3 scrolls of vulnerability {unknown}
 m - a scroll of blinking {unknown}
 t - a scroll of enchant armour {unknown}
Potions
 h - a potion of mutation
 i - a potion of lignification {unknown}
 n - a potion of heal wounds {unknown}
 o - a potion of magic {unknown}
 p - a potion of degeneration {unknown}
 r - a potion of invisibility


   Skills:
 * Level 3.2 Fighting
 * Level 3.1 Short Blades
 - Level 1.7 Throwing
 - Level 0.7 Dodging
 * Level 7.0 Stealth


You couldn't memorise any spells.
You knew the following spells:

 Your Spells              Type           Power      Damage    Failure   Level
a - Shock                 Conj/Air       0%         1d3       10%         1
b - Jinxbite              Hex            0%         N/A       14%         2

Your spell library contained the following spells:

 Spells                   Type           Power      Damage    Failure   Level
 Apportation              Tloc           0%         N/A       10%         1
 Freeze                   Ice            0%         1d3       10%         1
 Frozen Ramparts          Ice            0%         1d1       26%         3
 Hailstorm                Conj/Ice       0%         3d5       26%         3
 Swiftness                Air            0%         N/A       26%         3
 Airstrike                Air            0%         2d(0-16)  65%         4
 Alistair's Intoxication  Alch           0%         N/A       92%         5


Dungeon Overview and Level Annotations

Branches:
Dungeon (3/15)

Altars:
Okawaru


Innate Abilities, Weirdness & Mutations

Your serpentine skin is tough. (AC +1)
You have supernaturally acute eyesight. (SInv)
Armour fits poorly on your strangely shaped body.
Your system is resistant to poisons. (rPois)
You cover ground very slowly.
You can spit poison.
You have a snake-like lower body.
You are partially covered in iridescent scales. (AC +2)


Message History

Your Stealth skill increases to level 7!
The gnoll barely misses you. A mysterious force pulls you upwards.
The hatch slams shut behind you.
You see here a +0 club.
You hit the gnoll.
The gnoll is lightly wounded.
The gnoll closely misses you.
You barely miss the gnoll.
The gnoll is lightly wounded.
The gnoll hits you with a +0 flail.
You hit the gnoll but do no damage.
The gnoll is lightly wounded.
You have got your breath back.
Aiming: Spit Poison (1% risk of failure)
Press: ? - help, Q - select action, (/) - cycle Shift-Dir - straight line, f - gnoll
Aim: a gnoll, wielding a +0 flail (lightly wounded, 65% to hit)
The splash of poison hits the gnoll but does no damage.
The gnoll is poisoned.
The gnoll is lightly wounded.
The gnoll misses you.
You barely miss the gnoll.
The gnoll is lightly wounded.
The gnoll hits you but does no damage.
You barely miss the gnoll.
The gnoll is lightly wounded.
The gnoll hits you with a +0 flail!
You hit the gnoll.
The gnoll is heavily wounded.
The gnoll hits you with a +0 flail.
You barely miss the gnoll.
The gnoll is heavily wounded.
The gnoll hits you with a +0 flail!
* * * LOW HITPOINT WARNING * * *
It was a potion of mutation.
You feel extremely strange.
Iridescent scales grow over part of your body.
The gnoll barely misses you.
It was a potion of invisibility.
You fade into invisibility!
The gnoll hits you with a +0 flail!
You die...

#..................
#..................
#..................
#..................
#..................
#........##........
######.....###.##..
#g................
#@##..............
#.#.....>.........
#.#.....#.###...##
#.#....##.# #...##
#.#....##.###.....
#.#...............
#.#....###........
####.#..<.#..........
#......#..#....####..


You could see a gnoll (unable to see you, poisoned).

Vanquished Creatures
  3 adders
  A gnoll (D:3)
  3 dart slugs
  6 ball pythons
  2 endoplasms
  6 giant cockroaches
  10 goblins
  2 hobgoblins (D:1)
  A jackal (D:2)
  6 kobolds
  A quokka (D:2)
  6 bats
  3 frilled lizards
  8 rats
58 creatures vanquished.

Notes
Turn   | Place    | Note
-------+----------+-------------------------------------------
     0 | D:1      | firemarshallily the Naga Brigand began the quest for the
                  | Orb.
     0 | D:1      | Reached XP level 1. HP: 19/19 MP: 1/1
    29 | D:1      | You fall into a shaft and drop 1 floor!
    76 | D:1      | Reached skill level 6 in Stealth
   124 | D:1      | Reached XP level 2. HP: 26/26 MP: 2/2
   130 | D:1      | Found a faded altar of an unknown god.
   483 | D:1      | Reached XP level 3. HP: 33/33 MP: 3/3
  1326 | D:2      | Reached XP level 4. HP: 25/40 MP: 4/4
  1769 | D:3      | Learned a level 1 spell: Shock
  1772 | D:3      | Learned a level 2 spell: Jinxbite
  1782 | D:3      | Found an iron altar of Okawaru.
  1989 | D:3      | Reached skill level 7 in Stealth
  1999 | D:2      | Gained mutation: You are partially covered in iridescent
                  | scales. (AC +2) [potion of mutation]
  2000 | D:2      | Slain by a gnoll

Illustrated notes

Levels and vault maps discovered:
D:1:      dpeg_arrival_three_same_balls, layout_loops_ring,
          basic_ecumenical_altar, serial_bayou_pond_c
D:2:      minmay_chambers_of_twos, layout_basic, minmay_misc_feat_cross
D:3:      layout_basic, lemuel_crystal_altar, serial_aquarium,
          aquarium_bridge_long_separate [aquarium_subvault_window,
          aquarium_subvault_bridge, aquarium_subvault_window,
          aquarium_subvault_window, aquarium_subvault_bridge,
          aquarium_subvault_bridge], aquarium_window_fake, aquarium_window_fake,
          aquarium_view_2d, grunt_decor_resistance

Skill      XL: |  1  2  3  4 |
---------------+-------------+-----
Stealth        | 6 7 |  7.0
Fighting       | 3 |  3.2
Short Blades   | 3 |  3.1
Throwing       | |  1.7
Dodging        | |  0.7

Action                     |  1- 3 |  4- 6 || total
---------------------------+-------+-------++-------
  Melee: Dagger            |    71 |    61 ||   132
  Throw: Dart              |       |     1 ||     1
Ability: Spit Poison       |    19 |    10 ||    29
    Use: Potion            |       |     2 ||     2
   Stab: Sleeping          |     8 |     3 ||    11
 Armour: Robe              |    48 |    45 ||    93
  Dodge: Dodged            |    42 |    23 ||    65
